 Seeded DCSS version 0.27-a0-869-g165b36e3f0 (webtiles) character file.

Game seed: 20210402 (custom seed)

35 muata the Magician (level 3, 0/25 HPs)
             Began as a Djinni Ice Elementalist on Apr 2, 2021.
             Slain by a rat (1 damage)
             ... on level 2 of the Dungeon on Apr 3, 2021.
             The game lasted 00:04:06 (1355 turns).

muata the Magician (Djinni Ice Elementalist)        Turns: 1355, Time: 00:04:07

Health: 0/25       AC:  2    Str:  8    XL:     3   Next: 35%
Gold:   38         EV: 12    Int: 16    God:
                   SH:  0    Dex: 13

rFire    + + .     SeeInvis .   e - +1 dagger (drain)
rCold    x . .     Faith    .   (no shield)
rNeg     . . .     Spirit   .   a - +0 robe
rPois    ∞         Reflect  .   (no helmet)
rElec    .         Harm     .   (no cloak)
rCorr    .         Rampage  .   (no gloves)
Will     .....                  (boots unavailable)
Stlth    ++........             (no amulet)
HPRegen  0.08/turn              (no ring)
MPRegen  0.00/turn              (no ring)

@: flying
A: fire resistance 2, cold vulnerability 1, float, innate caster, hp casting,
extra vitality 1
a: no special abilities


You were on level 2 of the Dungeon.
You visited 1 branch of the dungeon, and saw 2 of its levels.

You collected 38 gold pieces.

Inventory:

Hand Weapons
 d - a +0 dagger
 e - a +1 dagger of draining (weapon)
Armour
 a - a +0 robe (worn)
Jewellery
 g - a ring of flight
 i - an amulet of the acrobat
 j - a ring of wizardry
Scrolls
 f - a scroll of fear {unknown}
 h - 3 scrolls of identify {unknown}
 k - a scroll of brand weapon {unknown}
Potions
 b - a potion of might {unknown}
 c - a potion of lignification {unknown}
 l - a potion of mutation {unknown}


   Skills:
 - Level 2.1 Dodging
 - Level 1.5 Stealth
 + Level 4.5 Spellcasting


You couldn't memorise any spells.
You knew the following spells:

 Your Spells              Type           Power      Damage    Failure   Level
a - Freeze                Ice            72%        1d9       2%          1
b - Frozen Ramparts       Ice            36%        1d5       8%          3
c - Ozocubu's Armour      Ice            18%        N/A       8%          3
d - Hailstorm             Conj/Ice       18%        3d6       26%         4
e - Summon Ice Beast      Ice/Summ       18%        N/A       26%         4
f - Sting                 Tmut/Pois      72%        1d6       2%          1
Your spell library was empty.

Dungeon Overview and Level Annotations

Branches:
Dungeon (2/15)

Altars:


Innate Abilities, Weirdness & Mutations

You are immune to poison.
Your flesh is very heat resistant. (rF++)
You are vulnerable to cold. (rC-)
You float through the air rather than walking.
You learn spells naturally, not from books.
Your magical power is your life essence.
You have superior vitality. (+4 HP)


Message History

Aim: an adder (almost dead, slow)
You freeze the adder.
You kill the adder!
* * * LOW HITPOINT WARNING * * *
The hobgoblin hits you.
* * * LOW HITPOINT WARNING * * *
Unknown command.
Casting: Freeze (safe; 2% risk of failure)
Confirm with . or Enter, or press ? or * to list all spells.
Aiming: Freeze (safe; 2% risk of failure)
Press: ? - help, Shift-Dir - straight line, f - hobgoblin
Aim: a hobgoblin You freeze the hobgoblin.
The hobgoblin is moderately wounded.
* * * LOW HITPOINT WARNING * * *
The hobgoblin hits you.
* * * LOW HITPOINT WARNING * * *
Unknown command.
Casting: Freeze (safe; 2% risk of failure)
Confirm with . or Enter, or press ? or * to list all spells.
You don't have enough health to cast this spell.
Unknown command.
Casting: Freeze (safe; 2% risk of failure)
Confirm with . or Enter, or press ? or * to list all spells.
You don't have enough health to cast this spell.
Casting: Freeze (safe; 2% risk of failure)
Confirm with . or Enter, or press ? or * to list all spells.
You don't have enough health to cast this spell.
Unknown command.
Casting: Freeze (safe; 2% risk of failure)
Confirm with . or Enter, or press ? or * to list all spells.
You don't have enough health to cast this spell.
Unknown command.
Casting: Freeze (safe; 2% risk of failure)
Confirm with . or Enter, or press ? or * to list all spells.
Okay, then.
You barely miss the rat. The rat bites you but does no damage.
The hobgoblin misses you.
You closely miss the rat. The rat bites you.
You die...

#......####### .. .....
#............. ...# ....
#......#######
..#.##..##.#............
#.#.#..#.#.#....#######
#w#....#.##...........
#.##......##.#...#######
.#..........#.#..#
#.....r@.....##..#
......g........#.#
.................#
...........#######
############


You could see a dart slug, a hobgoblin and a rat.

Vanquished Creatures
  An adder (D:2)
  A worm (D:2)
  4 ball pythons (D:1)
  4 bats (D:1)
  2 endoplasms (D:1)
  A goblin (D:1)
  A hobgoblin (D:1)
  3 jackals (D:1)
  A kobold (D:2)
  4 rats
22 creatures vanquished.

Notes
Turn   | Place    | Note
-------+----------+-------------------------------------------
     0 | D:1      | muata the Djinni Ice Elementalist began the quest for the
                  | Orb.
     0 | D:1      | Reached XP level 1. HP: 15/15 MP: 0/0
   336 | D:1      | Reached XP level 2. HP: 19/21 MP: 0/0
   363 | D:1      | Found a faded altar of an unknown god.
   371 | D:1      | Reached skill level 4 in Spellcasting
  1034 | D:2      | Reached XP level 3. HP: 14/25 MP: 0/0
  1034 | D:2      | Learned a level 1 spell: Sting
  1353 | D:2      | HP: 1/25 [hobgoblin (3)]
  1355 | D:2      | Slain by a rat

Illustrated notes

Levels and vault maps discovered:
D:1:      eino_arrival_cavern_b, layout_rooms, basic_ecumenical_altar
D:2:      layout_basic, chequers_serial_rivers_large_b, minivault_24,
          minmay_misc_feat_secret_circle, grunt_ministairs_5

Skill      XL: |  1  2 |
---------------+-------+-----
Spellcasting   | 4 |  4.5
Dodging        | |  2.1
Stealth        | |  1.5

Action                   || total
-------------------------++-------
Melee: Unarmed           ||     4
       Dagger            ||    17
 Cast: Freeze            ||    34
Armor: Robe              ||     8
Dodge: Dodged            ||    39

Table legend: (Time is in decaauts)
 A = Elapsed time spent in this place.
 B = Non-inter-level travel time spent in this place.
 C = Inter-level travel time spent in this place.
 D = Time resting spent in this place.
 E = Time spent auto-exploring this place.
 F = Levels seen in this place.
 G = Mean time per level.
                   A        B        C        D        E       F      G
               +--------+--------+--------+--------+--------+-----+--------+
         Total |   1353 |   1321 |     32 |    520 |    546 |   2 |  676.5 |
       Dungeon |   1353 |   1321 |     32 |    520 |    546 |   2 |  676.5 |
               +--------+--------+--------+--------+--------+-----+--------+

Top non-repeatable levels by time:
     D:1: 998 daAuts
     D:2: 355 daAuts
